Map: Fracture LE

Players

noClip

  • Race: Protoss Protoss
  • League: Diamond
  • Spawn Location: 11:00

Woogie - Winner!

  • Race: Zerg Zerg
  • League: Diamond
  • Spawn Location: 5:00

VOD

Have the link to the VOD?

Description

Time

  • Played on: Sept. 6, 2018, 3:22 p.m.
  • Length: 7:41
Show
View Real Time Build Order
Export as new Build Order

noClip Protoss 

Build Orders:  

Get SALT Encoding   

  12  0:01  Probe  
  13  0:13  Probe  
  14  0:23  Pylon  
  14  0:26  Probe  
  15  0:37  Probe  
  16  0:45  Probe  
  17  0:56  Probe  
  18  1:06  Probe  
  18  1:09  Nexus  
  19  1:20  Gateway  
  19  1:31  Forge  
  19  1:37  Pylon  
  19  1:55  Probe  
  19  1:58  Zealot  
  20  2:02  Assimilator  
  21  2:12  Photon Cannon  
  21  2:16  Cybernetics Core  
  21  2:18  Probe  
  22  2:27  Assimilator  
  22  2:28  Probe  
  22  2:30  Probe  
  22  2:36  Probe  
  24  2:42  Probe  
  26  2:47  Pylon  
  26  2:52  Stalker  
  26  2:54  Probe  
  29  3:06  Probe  
  29  3:08  Photon Cannon  
  29  3:11  Photon Cannon  
  30  3:14  Shield Battery  
  30  3:19  Warp Gate  
  30  3:23  Gateway  
  30  3:26  Stalker  
  32  3:52  Shield Battery  
  32  3:53  Pylon  
  32  4:02  Stalker  
  32  4:11  Shield Battery  
  32  4:12  Probe x2  
  34  4:18  Stalker  
  36  4:28  Stargate  
  36  4:29  Pylon  
  35  4:34  Pylon  
  35  4:35  Probe  
  29  4:42  Pylon  
  29  4:43  Probe  
  29  4:44  Stalker  
  22  5:29  Probe x2  
  22  5:31  Gateway  
  22  5:32  Gateway  
  22  5:33  Pylon  
  22  5:34  Pylon  
  24  5:36  Stalker x2  
  28  5:45  Shield Battery, Probe  
  26  5:53  Pylon  
  24  6:00  Probe  
  22  6:05  Probe  
  22  6:08  Probe  
  22  6:13  Probe  
  22  6:15  Stalker  
  26  6:21  Cybernetics Core  
  26  6:22  Probe  
  26  6:29  Zealot x2  
  31  6:34  Probe  
  29  6:43  Zealot  
  29  6:44  Zealot  
  24  6:57  Shield Battery  
  24  7:01  Probe  
  22  7:13  Probe  
  23  7:15  Stalker  
  23  7:25  Probe  
Show
View Real Time Build Order
Export as new Build Order

Woogie Zerg - Winner!

Build Orders: Pool First, Zergling Baneling 

Get SALT Encoding   

  12  0:02  Drone  
  13  0:14  Overlord  
  13  0:22  Drone  
  14  0:32  Drone  
  14  0:33  Drone  
  16  0:44  Spawning Pool  
  16  0:47  Extractor  
  16  0:49  Drone  
  15  1:00  Drone x2  
  17  1:14  Drone  
  18  1:26  Hatchery  
  18  1:31  Drone  
  18  1:36  Zergling x2  
  19  1:42  Drone  
  20  1:49  Queen  
  22  1:55  Metabolic Boost  
  22  2:11  Overlord  
  22  2:30  Zergling x2  
  22  2:31  Zergling x2  
  22  2:32  Hatchery  
  23  2:42  Queen  
  23  2:43  Drone  
  26  2:58  Drone  
  26  2:59  Drone x3  
  26  3:00  Drone  
  31  3:07  Spine Crawler  
  31  3:10  Drone  
  31  3:22  Baneling Nest  
  30  3:27  Drone  
  30  3:29  Spore Crawler  
  30  3:33  Zergling x4  
  33  3:43  Spore Crawler  
  32  3:49  Zergling x2  
  32  4:05  Zergling x8  
  36  4:10  Roach Warren  
  36  4:11  Baneling  
  36  4:12  Baneling x2  
  36  4:13  Baneling  
  36  4:14  Baneling x2  
  36  4:15  Zergling x2, Baneling x2  
  36  4:16  Zergling x4  
  38  4:24  Queen  
  38  4:29  Spine Crawler  
  37  4:40  Baneling x4  
  34  5:03  Zergling x4  
  34  5:04  Zergling x2  
  31  5:30  Queen  
  31  5:33  Roach x2  
  35  5:52  Overlord x3  
  35  5:53  Overlord  
  33  6:12  Zergling x22  
  44  6:18  Queen  
  44  6:21  Drone  
  47  6:33  Roach  
  47  6:39  Spine Crawler  
  45  6:50  Baneling x7  
  44  7:05  Roach x2  
  48  7:09  Drone  
  48  7:10  Drone x5  
  48  7:13  Drone x3  
  57  7:16  Extractor  
  57  7:17  Extractor  
  57  7:18  Evolution Chamber  
  57  7:19  Evolution Chamber  
Tags
 
Add a new tag
Caveats
  • Supply blocks, unpowered buildings, or Contaminate may cause inaccurate times.
  • Supply counts are checked every 10 seconds.